Workbook
Name \0: #REF!
Name \00: #REF!
Name \a: #REF!
Name \AA: [1]LIQUIDACION!#REF!
Name \b: [2]STRSUMM0!#REF!
Name \bb: [2]STRSUMM0!#REF!
Name \E: #REF!
Name \EE: #REF!
Name \G: #REF!
Name \k: '[3]7422CW00'!#REF!
Name \l: [4]STRSUMM0!#REF!
Name \M: #REF!
Name \ñ: '[5]7422CW00'!#REF!
Name \P: #REF!
Name \R: #REF!
Name \s: #REF!
Name \V: #REF!
Name \X: 'PRESUPUESTO OFICIAL (Entidad)'!ERR
Name \X: [0]!ERR
Name \Z: 'PRESUPUESTO OFICIAL (Entidad)'!ERR
Name \Z: [0]!ERR
Name _________AFC1: [6]INV!$A$25:$D$28
Name _________AFC3: [6]INV!$F$25:$I$28
Name _________AFC5: [6]INV!$K$25:$N$28
Name _________BGC1: [6]INV!$A$5:$D$8
Name _________BGC3: [6]INV!$F$5:$I$8
Name _________BGC5: [6]INV!$K$5:$N$8
Name _________CAC1: [6]INV!$A$19:$D$22
Name _________CAC3: [6]INV!$F$19:$I$22
Name _________CAC5: [6]INV!$K$19:$N$22
Name _________PJ50: #REF!
Name _________SBC1: [6]INV!$A$12:$D$15
Name _________SBC3: [6]INV!$F$12:$I$15
Name _________SBC5: [6]INV!$K$12:$N$15
Name ________AFC1: [6]INV!$A$25:$D$28
Name ________AFC3: [6]INV!$F$25:$I$28
Name ________AFC5: [6]INV!$K$25:$N$28
Name ________BGC1: [6]INV!$A$5:$D$8
Name ________BGC3: [6]INV!$F$5:$I$8
Name ________BGC5: [6]INV!$K$5:$N$8
Name ________CAC1: [6]INV!$A$19:$D$22
Name ________CAC3: [6]INV!$F$19:$I$22
Name ________CAC5: [6]INV!$K$19:$N$22
Name ________MA2: #REF!
Name ________PJ50: #REF!
Name ________SBC1: [6]INV!$A$12:$D$15
Name ________SBC3: [6]INV!$F$12:$I$15
Name ________SBC5: [6]INV!$K$12:$N$15
Name _______AFC1: [6]INV!$A$25:$D$28
Name _______AFC3: [6]INV!$F$25:$I$28
Name _______AFC5: [6]INV!$K$25:$N$28
Name _______BGC1: [6]INV!$A$5:$D$8
Name _______BGC3: [6]INV!$F$5:$I$8
Name _______BGC5: [6]INV!$K$5:$N$8
Name _______CAC1: [6]INV!$A$19:$D$22
Name _______CAC3: [6]INV!$F$19:$I$22
Name _______CAC5: [6]INV!$K$19:$N$22
Name _______MA2: #REF!
Name _______PJ50: #REF!
Name _______SBC1: [6]INV!$A$12:$D$15

Sheet PRESUPUESTO OFICIAL (Entidad)
C3: Formulario 1 - Propuesta económica - Documento tipo de licitación de obra pública de infraestructura de transporte - versión 4
C4: Código | D4: CCE-EICP-FM-14 | E4: Versión | F4: 4
C5: FORMULARIO 1
C6: PRESUPUESTO OFICIAL
C7: [La entidad puede utilizar este formulario de detalle del presupuesto oficial para determinar las condiciones bajo las cuales los proponentes analizarán y presentarán su propuesta económica de forma detallada, sin perjuicio que la entidad pueda modificarlo o establecer la presentación de la oferta económica con un formulario distinto al indicado.]
C9: Adicionalmente, cuando el proceso de contratación es estructurado por precios unitarios, la Entidad debe aplicar las notas 1, 2 y 3 del presente formulario y las casillas de "Descripción", "Porcentaje" de la Administración, Imprevisto, Utilidad y total A.I.U. resaltadas en color amarillo. Tratándose de otras modalidades de precio, la Entidad puede o no configurar los mismos aspectos.
C11: Nº | D11: ÍTEM DE PAGO | E11: ESPECIFICACIONES | G11: DESCRIPCIÓN | H11: UND. | I11: CANTIDAD | J11: VALOR UNITARIO | K11: VALOR UNITARIO | L11: VALOR TOTAL
E12: GENERAL | F12: PARTICULAR
C13: MEJORAMIENTO Y CONSTRUCCION DE VIAS EN LAS VEREDAS EL ROBLE, EL DINTEL, SAN ANTONIO Y OTRAS DEL MUNICIPIO DE LA VEGA DEPARTAMENTO DE CUNDINAMARCA.
C14: MEJORAMIENTO DE LA VIA QUE COMUNICA LA VEREDA LIBERTAD CON LA VEREDA EL ROBLE SECTOR LOS GLAMPING DEL MUNICIPIO DE LA VEGA CUDINAMARCA
C15: 1 | E15: ICCU 2.13 | F15: 600,4P | G15: LOCALIZACIÓN Y REPLANTEO CON ELEMENTOS DE PRECISIÓN | H15: M2 | I15: 180 | J15: 13905 | K15: =+ROUND(J15*1.33,2) -> 18493.65 | L15: =+K15*I15 -> 3328857
C16: 2 | E16: ICCU 6.1 | F16: 310.1 | G16: CONFORMACIÓN DE LA CALZADA EXISTENTE | H16: M2 | I16: 180 | J16: 1159 | K16: =+ROUND(J16*1.33,2) -> 1541.47 | L16: =+K16*I16 -> 277464.6
C17: 3 | G17: EXCAVACIONES VARIAS EN MATERIAL COMUN EN SECO A MANO (INCLUYE RETIRO DE SOBRANTES A UNA DISTANCIA MENOR DE 5 KM) | H17: M3 | I17: 14.78 | J17: 65346 | K17: =+ROUND(J17*1.33,2) -> 86910.18 | L17: =+K17*I17 -> 1284532.5
C18: 4 | E18: ICCU 1.1 | F18: 201 P | G18: DEMOLICIÓN DE CONCRETO ESTRUCTURAL (INCLUYE CARGUE Y RETIRO DE SOBRANTES A UNA DISTANCIA MÁXIMA DE 5 KM.) | H18: M3 | I18: 0.54 | J18: 214897 | K18: =+ROUND(J18*1.33,2) -> 285813.01 | L18: =+K18*I18 -> 154339.03
C19: 5 | E19: ICCU 1.6 | G19: TRANSPORTE DE MATERIAL PROVENIENTES DE EXPLANACIÓN, PRESTAMOS, SOBRE ACARREOS, DERRUMBES, EXCAVACIÓN Y/O DEMOLICIÓN | H19: M3-KM | I19: 85.19 | J19: 1735 | K19: =+ROUND(J19*1.33,2) -> 2307.55 | L19: =+K19*I19 -> 196580.18
C20: 6 | E20: ICCU 16.12 | G20: SUBBASE GRANULAR | H20: M3 | I20: 27 | J20: 168089 | K20: =+ROUND(J20*1.33,2) -> 223558.37 | L20: =+K20*I20 -> 6036076
C21: 7 | E21: ICCU 4.6 | F21: 630.4 | G21: CONCRETO CLASE D 3000 PSI PARA (BASES) | H21: M3 | I21: 12.11 | J21: 802040 | K21: =+ROUND(J21*1.33,2) -> 1066713.2 | L21: =+K21*I21 -> 12917897
C22: 8 | E22: ICCU 4.25 | F22: 630.7 | G22: CONCRETO CICLÓPEO, 2000 PSI 40% RAJÓN PARA BASES | H22: M3 | I22: 8.81 | J22: 550420 | K22: =+ROUND(J22*1.33,2) -> 732058.6 | L22: =+K22*I22 -> 6449436.3
C23: 9 | E23: ICCU 4.21 | F23: 671.1 | G23: CUNETA DE CONCRETO CLASE E, 2500 PSI FUNDIDA EN EL LUGAR | H23: M3 | I23: 6.75 | J23: 655535 | K23: =+ROUND(J23*1.33,2) -> 871861.55 | L23: =+K23*I23 -> 5885065.5
C24: 10 | E24: ICCU 4.52 | F24: 640.1 | G24: SUMINISTRO FIGURADO Y ARMADO DE ACERO DE REFUERZO 60000 PSI | H24: KG | I24: 1238.93 | J24: 8174 | K24: =+ROUND(J24*1.33,2) -> 10871.42 | L24: =+K24*I24 -> 13468928
C25: Subtotal | L25: =+SUM(L15:L24) -> 49999176
C26: Ajuste al valor | L26: 823.78
C27: total de tramo | L27: =+ROUND(L26+L25,2) -> 50000000
C28: MEJORAMIENTO DE LA VIA QUE COMUNICA LA VEREDA LIBERTAD CON LA VEREDA EL ROBLE SECTOR EL ARGEL DEL MUNICIPIO DE LA VEGA DEPARTAMENTO DE CUNDINAMARCA
C29: 1 | E29: ICCU 2.13 | F29: 600,4P | G29: LOCALIZACIÓN Y REPLANTEO CON ELEMENTOS DE PRECISIÓN | H29: M2 | I29: 182.25 | J29: 13905 | K29: =+ROUND(J29*1.33,2) -> 18493.65 | L29: =+K29*I29 -> 3370467.7
C30: 2 | E30: ICCU 6.1 | F30: 310.1 | G30: CONFORMACIÓN DE LA CALZADA EXISTENTE | H30: M2 | I30: 182.25 | J30: 1159 | K30: =+ROUND(J30*1.33,2) -> 1541.47 | L30: =+K30*I30 -> 280932.91
C31: 3 | G31: EXCAVACIONES VARIAS EN MATERIAL COMUN EN SECO A MANO (INCLUYE RETIRO DE SOBRANTES A UNA DISTANCIA MENOR DE 5 KM) | H31: M3 | I31: 13.83 | J31: 65346 | K31: =+ROUND(J31*1.33,2) -> 86910.18 | L31: =+K31*I31 -> 1201967.8
C32: 4 | E32: ICCU 1.1 | F32: 201 P | G32: DEMOLICIÓN DE CONCRETO ESTRUCTURAL (INCLUYE CARGUE Y RETIRO DE SOBRANTES A UNA DISTANCIA MÁXIMA DE 5 KM.) | H32: M3 | I32: 0.55 | J32: 214897 | K32: =+ROUND(J32*1.33,2) -> 285813.01 | L32: =+K32*I32 -> 157197.16
C33: 5 | E33: ICCU 1.6 | G33: TRANSPORTE DE MATERIAL PROVENIENTES DE EXPLANACIÓN, PRESTAMOS, SOBRE ACARREOS, DERRUMBES, EXCAVACIÓN Y/O DEMOLICIÓN | H33: M3-KM | I33: 74.59 | J33: 1735 | K33: =+ROUND(J33*1.33,2) -> 2307.55 | L33: =+K33*I33 -> 172120.15
C34: 6 | E34: ICCU 16.12 | G34: SUBBASE GRANULAR | H34: M3 | I34: 27.34 | J34: 168089 | K34: =+ROUND(J34*1.33,2) -> 223558.37 | L34: =+K34*I34 -> 6112085.8
C35: 7 | E35: ICCU 4.6 | F35: 630.4 | G35: CONCRETO CLASE D 3000 PSI PARA (BASES) | H35: M3 | I35: 11.98 | J35: 802040 | K35: =+ROUND(J35*1.33,2) -> 1066713.2 | L35: =+K35*I35 -> 12779224
C36: 8 | E36: ICCU 4.25 | F36: 630.7 | G36: CONCRETO CICLÓPEO, 2000 PSI 40% RAJÓN PARA BASES | H36: M3 | I36: 9.49 | J36: 550420 | K36: =+ROUND(J36*1.33,2) -> 732058.6 | L36: =+K36*I36 -> 6947236.1
C37: 9 | E37: ICCU 4.21 | F37: 671.1 | G37: CUNETA DE CONCRETO CLASE E, 2500 PSI FUNDIDA EN EL LUGAR | H37: M3 | I37: 6.56 | J37: 655535 | K37: =+ROUND(J37*1.33,2) -> 871861.55 | L37: =+K37*I37 -> 5719411.8
C38: 10 | E38: ICCU 4.52 | F38: 640.1 | G38: SUMINISTRO FIGURADO Y ARMADO DE ACERO DE REFUERZO 60000 PSI | H38: KG | I38: 1219.7 | J38: 8174 | K38: =+ROUND(J38*1.33,2) -> 10871.42 | L38: =+K38*I38 -> 13259871
C39: Subtotal | L39: =+SUM(L29:L38) -> 50000515
C40: Ajuste al valor | L40: -514.55
C41: total de tramo | L41: =+ROUND(L40+L39,2) -> 50000000
C42: MEJORAMIENTO Y CONSTRUCCION DE LA VIA QUE COMUNICA LA AUTOPISTA BOGOTA MEDELLIN CON LA VEREDA EL DINTEL SECTOR TIENDA MATECAÑA DEL MUNICIPIO DE LA VEGA DEPARTAMENTO DE CUNDINAMARCA
C43: 1 | E43: ICCU 2.13 | F43: 600,4P | G43: LOCALIZACIÓN Y REPLANTEO CON ELEMENTOS DE PRECISIÓN | H43: M2 | I43: 189.9 | J43: 13905 | K43: =+ROUND(J43*1.33,2) -> 18493.65 | L43: =+K43*I43 -> 3511944.1
C44: 2 | E44: ICCU 6.1 | F44: 310.1 | G44: CONFORMACIÓN DE LA CALZADA EXISTENTE | H44: M2 | I44: 189.9 | J44: 1159 | K44: =+ROUND(J44*1.33,2) -> 1541.47 | L44: =+K44*I44 -> 292725.15
C45: 3 | G45: EXCAVACIONES VARIAS EN MATERIAL COMUN EN SECO A MANO (INCLUYE RETIRO DE SOBRANTES A UNA DISTANCIA MENOR DE 5 KM) | H45: M3 | I45: 14.3 | J45: 65346 | K45: =+ROUND(J45*1.33,2) -> 86910.18 | L45: =+K45*I45 -> 1242815.6
C46: 4 | E46: ICCU 1.1 | F46: 201 P | G46: DEMOLICIÓN DE CONCRETO ESTRUCTURAL (INCLUYE CARGUE Y RETIRO DE SOBRANTES A UNA DISTANCIA MÁXIMA DE 5 KM.) | H46: M3 | I46: 0.57 | J46: 214897 | K46: =+ROUND(J46*1.33,2) -> 285813.01 | L46: =+K46*I46 -> 162913.42
C47: 5 | E47: ICCU 1.6 | G47: TRANSPORTE DE MATERIAL PROVENIENTES DE EXPLANACIÓN, PRESTAMOS, SOBRE ACARREOS, DERRUMBES, EXCAVACIÓN Y/O DEMOLICIÓN | H47: M3-KM | I47: 79.75 | J47: 1735 | K47: =+ROUND(J47*1.33,2) -> 2307.55 | L47: =+K47*I47 -> 184027.11
C48: 6 | E48: ICCU 16.12 | G48: SUBBASE GRANULAR | H48: M3 | I48: 28.49 | J48: 168089 | K48: =+ROUND(J48*1.33,2) -> 223558.37 | L48: =+K48*I48 -> 6369178
C49: 7 | E49: ICCU 4.6 | F49: 630.4 | G49: CONCRETO CLASE D 3000 PSI PARA (BASES) | H49: M3 | I49: 11.36 | J49: 802040 | K49: =+ROUND(J49*1.33,2) -> 1066713.2 | L49: =+K49*I49 -> 12117862
C50: 8 | E50: ICCU 4.25 | F50: 630.7 | G50: CONCRETO CICLÓPEO, 2000 PSI 40% RAJÓN PARA BASES | H50: M3 | I50: 12.18 | J50: 550420 | K50: =+ROUND(J50*1.33,2) -> 732058.6 | L50: =+K50*I50 -> 8916473.7
C51: 9 | E51: ICCU 4.21 | F51: 671.1 | G51: CUNETA DE CONCRETO CLASE E, 2500 PSI FUNDIDA EN EL LUGAR | H51: M3 | I51: 5.7 | J51: 655535 | K51: =+ROUND(J51*1.33,2) -> 871861.55 | L51: =+K51*I51 -> 4969610.8
C52: 10 | E52: ICCU 4.52 | F52: 640.1 | G52: SUMINISTRO FIGURADO Y ARMADO DE ACERO DE REFUERZO 60000 PSI | H52: KG | I52: 1125.23 | J52: 8174 | K52: =+ROUND(J52*1.33,2) -> 10871.42 | L52: =+K52*I52 -> 12232848
C53: Subtotal | L53: =+SUM(L43:L52) -> 50000398
C54: Ajuste al valor | L54: -397.81
C55: total de tramo | L55: =+ROUND(L54+L53,2) -> 50000000
C56: MEJORAMIENTO Y CONSTRUCCION DE LA VÍA QUE COMUNICA LA VEREDA BULUCAIMA CON LA VEREDA SAN ANTONIO SECTOR MARRANERA DEL MUNICIPIO DE LA VEGA DEPARTAMENTO DE CUNDINAMARCA
C57: 1 | E57: ICCU 2.13 | F57: 600,4P | G57: LOCALIZACIÓN Y REPLANTEO CON ELEMENTOS DE PRECISIÓN | H57: M2 | I57: 341.06 | J57: 13905 | K57: =+ROUND(J57*1.33,2) -> 18493.65 | L57: =+K57*I57 -> 6307444.3
C58: 2 | E58: ICCU 6.1 | F58: 310.1 | G58: CONFORMACIÓN DE LA CALZADA EXISTENTE | H58: M2 | I58: 341.06 | J58: 1159 | K58: =+ROUND(J58*1.33,2) -> 1541.47 | L58: =+K58*I58 -> 525733.76
C59: 3 | G59: EXCAVACIONES VARIAS EN MATERIAL COMUN EN SECO A MANO (INCLUYE RETIRO DE SOBRANTES A UNA DISTANCIA MENOR DE 5 KM) | H59: M3 | I59: 28.8 | J59: 65346 | K59: =+ROUND(J59*1.33,2) -> 86910.18 | L59: =+K59*I59 -> 2503013.2
C60: 4 | E60: ICCU 1.1 | F60: 201 P | G60: DEMOLICIÓN DE CONCRETO ESTRUCTURAL (INCLUYE CARGUE Y RETIRO DE SOBRANTES A UNA DISTANCIA MÁXIMA DE 5 KM.) | H60: M3 | I60: 1.02 | J60: 214897 | K60: =+ROUND(J60*1.33,2) -> 285813.01 | L60: =+K60*I60 -> 291529.27
C61: 5 | E61: ICCU 1.6 | G61: TRANSPORTE DE MATERIAL PROVENIENTES DE EXPLANACIÓN, PRESTAMOS, SOBRE ACARREOS, DERRUMBES, EXCAVACIÓN Y/O DEMOLICIÓN | H61: M3-KM | I61: 323.48 | J61: 1735 | K61: =+ROUND(J61*1.33,2) -> 2307.55 | L61: =+K61*I61 -> 746446.27
C62: 6 | E62: ICCU 16.12 | G62: SUBBASE GRANULAR | H62: M3 | I62: 51.16 | J62: 168089 | K62: =+ROUND(J62*1.33,2) -> 223558.37 | L62: =+K62*I62 -> 11437246
C63: 7 | E63: ICCU 4.6 | F63: 630.4 | G63: CONCRETO CLASE D 3000 PSI PARA (BASES) | H63: M3 | I63: 25.78 | J63: 802040 | K63: =+ROUND(J63*1.33,2) -> 1066713.2 | L63: =+K63*I63 -> 27499866
C64: 8 | E64: ICCU 4.25 | F64: 630.7 | G64: CONCRETO CICLÓPEO, 2000 PSI 40% RAJÓN PARA BASES | H64: M3 | I64: 10.81 | J64: 550420 | K64: =+ROUND(J64*1.33,2) -> 732058.6 | L64: =+K64*I64 -> 7913553.5
C65: 9 | E65: ICCU 4.21 | F65: 671.1 | G65: CUNETA DE CONCRETO CLASE E, 2500 PSI FUNDIDA EN EL LUGAR | H65: M3 | I65: 15.74 | J65: 655535 | K65: =+ROUND(J65*1.33,2) -> 871861.55 | L65: =+K65*I65 -> 13723101
C66: 10 | E66: ICCU 4.52 | F66: 640.1 | G66: SUMINISTRO FIGURADO Y ARMADO DE ACERO DE REFUERZO 60000 PSI | H66: KG | I66: 2672.36 | J66: 8174 | K66: =+ROUND(J66*1.33,2) -> 10871.42 | L66: =+K66*I66 -> 29052348
C67: Subtotal | L67: =+SUM(L57:L66) -> 1.0000028e+08
C68: Ajuste al valor | L68: -281.47
C69: total de tramo | L69: =+ROUND(L68+L67,2) -> 100000000
C70: MEJORAMIENTO Y CONSTRUCCION DE LA VÍA QUE COMUNICA LA VEREDA BULUCAIMA CON LA VEREDA SAN ANTONIO SECTOR CUATRO VIENTOS DEL MUNICIPIO DE LA VEGA DEPARTAMENTO DE CUNDINAMARCA
C71: 1 | E71: ICCU 2.13 | F71: 600,4P | G71: LOCALIZACIÓN Y REPLANTEO CON ELEMENTOS DE PRECISIÓN | H71: M2 | I71: 387 | J71: 13905 | K71: =+ROUND(J71*1.33,2) -> 18493.65 | L71: =+K71*I71 -> 7157042.6
C72: 2 | E72: ICCU 6.1 | F72: 310.1 | G72: CONFORMACIÓN DE LA CALZADA EXISTENTE | H72: M2 | I72: 387 | J72: 1159 | K72: =+ROUND(J72*1.33,2) -> 1541.47 | L72: =+K72*I72 -> 596548.89
C73: 3 | G73: EXCAVACIONES VARIAS EN MATERIAL COMUN EN SECO A MANO (INCLUYE RETIRO DE SOBRANTES A UNA DISTANCIA MENOR DE 5 KM) | H73: M3 | I73: 27.75 | J73: 65346 | K73: =+ROUND(J73*1.33,2) -> 86910.18 | L73: =+K73*I73 -> 2411757.5
C74: 4 | E74: ICCU 1.1 | F74: 201 P | G74: DEMOLICIÓN DE CONCRETO ESTRUCTURAL (INCLUYE CARGUE Y RETIRO DE SOBRANTES A UNA DISTANCIA MÁXIMA DE 5 KM.) | H74: M3 | I74: 1.16 | J74: 214897 | K74: =+ROUND(J74*1.33,2) -> 285813.01 | L74: =+K74*I74 -> 331543.09
C75: 5 | E75: ICCU 1.6 | G75: TRANSPORTE DE MATERIAL PROVENIENTES DE EXPLANACIÓN, PRESTAMOS, SOBRE ACARREOS, DERRUMBES, EXCAVACIÓN Y/O DEMOLICIÓN | H75: M3-KM | I75: 300.32 | J75: 1735 | K75: =+ROUND(J75*1.33,2) -> 2307.55 | L75: =+K75*I75 -> 693003.42
C76: 6 | E76: ICCU 16.12 | G76: SUBBASE GRANULAR | H76: M3 | I76: 58.05 | J76: 168089 | K76: =+ROUND(J76*1.33,2) -> 223558.37 | L76: =+K76*I76 -> 12977563
C77: 7 | E77: ICCU 4.6 | F77: 630.4 | G77: CONCRETO CLASE D 3000 PSI PARA (BASES) | H77: M3 | I77: 21.76 | J77: 802040 | K77: =+ROUND(J77*1.33,2) -> 1066713.2 | L77: =+K77*I77 -> 23211679
C78: 8 | E78: ICCU 4.25 | F78: 630.7 | G78: CONCRETO CICLÓPEO, 2000 PSI 40% RAJÓN PARA BASES | H78: M3 | I78: 26.23 | J78: 550420 | K78: =+ROUND(J78*1.33,2) -> 732058.6 | L78: =+K78*I78 -> 19201897
C79: 9 | E79: ICCU 4.21 | F79: 671.1 | G79: CUNETA DE CONCRETO CLASE E, 2500 PSI FUNDIDA EN EL LUGAR | H79: M3 | I79: 11.61 | J79: 655535 | K79: =+ROUND(J79*1.33,2) -> 871861.55 | L79: =+K79*I79 -> 10122313
C80: 10 | E80: ICCU 4.52 | F80: 640.1 | G80: SUMINISTRO FIGURADO Y ARMADO DE ACERO DE REFUERZO 60000 PSI | H80: KG | I80: 2142.95 | J80: 8174 | K80: =+ROUND(J80*1.33,2) -> 10871.42 | L80: =+K80*I80 -> 23296909
C81: Subtotal | L81: =+SUM(L71:L80) -> 1.0000026e+08
C82: Ajuste al valor | L82: -257.22
C83: total de tramo | L83: =+ROUND(L82+L81,2) -> 100000000
C84: MEJORAMIENTO Y CONSTRUCCION DE LA VIA QUE COMUNICA VEREDA BULUCAIMA CON LA VEREDA SAN ANTONIO SECTOR LOS YATAROS DEL MUNICIPIO DE LA VEGA DEPARTAMENTO DE CUNDINAMARCA
C85: 1 | E85: ICCU 2.13 | F85: 600,4P | G85: LOCALIZACIÓN Y REPLANTEO CON ELEMENTOS DE PRECISIÓN | H85: M2 | I85: 238.1 | J85: 13905 | K85: =+ROUND(J85*1.33,2) -> 18493.65 | L85: =+K85*I85 -> 4403338.1
C86: 2 | E86: ICCU 6.1 | F86: 310.1 | G86: CONFORMACIÓN DE LA CALZADA EXISTENTE | H86: M2 | I86: 238.1 | J86: 1159 | K86: =+ROUND(J86*1.33,2) -> 1541.47 | L86: =+K86*I86 -> 367024.01
C87: 3 | G87: EXCAVACIONES VARIAS EN MATERIAL COMUN EN SECO A MANO (INCLUYE RETIRO DE SOBRANTES A UNA DISTANCIA MENOR DE 5 KM) | H87: M3 | I87: 20.62 | J87: 65346 | K87: =+ROUND(J87*1.33,2) -> 86910.18 | L87: =+K87*I87 -> 1792087.9
C88: 4 | E88: ICCU 1.1 | F88: 201 P | G88: DEMOLICIÓN DE CONCRETO ESTRUCTURAL (INCLUYE CARGUE Y RETIRO DE SOBRANTES A UNA DISTANCIA MÁXIMA DE 5 KM.) | H88: M3 | I88: 0.71 | J88: 214897 | K88: =+ROUND(J88*1.33,2) -> 285813.01 | L88: =+K88*I88 -> 202927.24
C89: 5 | E89: ICCU 1.6 | G89: TRANSPORTE DE MATERIAL PROVENIENTES DE EXPLANACIÓN, PRESTAMOS, SOBRE ACARREOS, DERRUMBES, EXCAVACIÓN Y/O DEMOLICIÓN | H89: M3-KM | I89: 165.82 | J89: 1735 | K89: =+ROUND(J89*1.33,2) -> 2307.55 | L89: =+K89*I89 -> 382637.94
C90: 6 | E90: ICCU 16.12 | G90: SUBBASE GRANULAR | H90: M3 | I90: 35.71 | J90: 168089 | K90: =+ROUND(J90*1.33,2) -> 223558.37 | L90: =+K90*I90 -> 7983269.4
C91: 7 | E91: ICCU 4.6 | F91: 630.4 | G91: CONCRETO CLASE D 3000 PSI PARA (BASES) | H91: M3 | I91: 18.12 | J91: 802040 | K91: =+ROUND(J91*1.33,2) -> 1066713.2 | L91: =+K91*I91 -> 19328843
C92: 8 | E92: ICCU 4.25 | F92: 630.7 | G92: CONCRETO CICLÓPEO, 2000 PSI 40% RAJÓN PARA BASES | H92: M3 | I92: 7.43 | J92: 550420 | K92: =+ROUND(J92*1.33,2) -> 732058.6 | L92: =+K92*I92 -> 5439195.4
C93: 9 | E93: ICCU 4.21 | F93: 671.1 | G93: CUNETA DE CONCRETO CLASE E, 2500 PSI FUNDIDA EN EL LUGAR | H93: M3 | I93: 10.99 | J93: 655535 | K93: =+ROUND(J93*1.33,2) -> 871861.55 | L93: =+K93*I93 -> 9581758.4
C94: 10 | E94: ICCU 4.52 | F94: 640.1 | G94: SUMINISTRO FIGURADO Y ARMADO DE ACERO DE REFUERZO 60000 PSI | H94: KG | I94: 1887.33 | J94: 8174 | K94: =+ROUND(J94*1.33,2) -> 10871.42 | L94: =+K94*I94 -> 20517957
C95: Subtotal | L95: =+SUM(L85:L94) -> 69999039
C96: Ajuste al valor | L96: 961.32
C97: total de tramo | L97: =+ROUND(L96+L95,2) -> 70000000
C98: MEJORAMIENTO Y CONSTRUCCION DE LA VIA QUE COMUNICA DE LA VEREDA BULUCAIMA CON LA VEREDA SAN ANTONIO SECTOR PIEDRA GORDA TRAMO 1 DEL MUNICIPIO DE LA VEGA DEPARTAMENTO DE CUNDINAMARCA
C99: 1 | E99: ICCU 2.13 | F99: 600,4P | G99: LOCALIZACIÓN Y REPLANTEO CON ELEMENTOS DE PRECISIÓN | H99: M2 | I99: 111.6 | J99: 13905 | K99: =+ROUND(J99*1.33,2) -> 18493.65 | L99: =+K99*I99 -> 2063891.3
C100: 2 | E100: ICCU 6.1 | F100: 310.1 | G100: CONFORMACIÓN DE LA CALZADA EXISTENTE | H100: M2 | I100: 111.6 | J100: 1159 | K100: =+ROUND(J100*1.33,2) -> 1541.47 | L100: =+K100*I100 -> 172028.05
C101: 3 | G101: EXCAVACIONES VARIAS EN MATERIAL COMUN EN SECO A MANO (INCLUYE RETIRO DE SOBRANTES A UNA DISTANCIA MENOR DE 5 KM) | H101: M3 | I101: 7.96 | J101: 65346 | K101: =+ROUND(J101*1.33,2) -> 86910.18 | L101: =+K101*I101 -> 691805.03
C102: 4 | E102: ICCU 1.1 | F102: 201 P | G102: DEMOLICIÓN DE CONCRETO ESTRUCTURAL (INCLUYE CARGUE Y RETIRO DE SOBRANTES A UNA DISTANCIA MÁXIMA DE 5 KM.) | H102: M3 | I102: 0.33 | J102: 214897 | K102: =+ROUND(J102*1.33,2) -> 285813.01 | L102: =+K102*I102 -> 94318.293
C103: 5 | E103: ICCU 1.6 | G103: TRANSPORTE DE MATERIAL PROVENIENTES DE EXPLANACIÓN, PRESTAMOS, SOBRE ACARREOS, DERRUMBES, EXCAVACIÓN Y/O DEMOLICIÓN | H103: M3-KM | I103: 24.71 | J103: 1735 | K103: =+ROUND(J103*1.33,2) -> 2307.55 | L103: =+K103*I103 -> 57019.561
C104: 6 | E104: ICCU 16.12 | G104: SUBBASE GRANULAR | H104: M3 | I104: 16.74 | J104: 168089 | K104: =+ROUND(J104*1.33,2) -> 223558.37 | L104: =+K104*I104 -> 3742367.1
...

Sheet BIENES RELEVANTES
B2: CALCULO DE BIENES RELEVANTES
B3: =+'PRESUPUESTO OFICIAL (Entidad)'!C13 -> MEJORAMIENTO Y CONSTRUCCION DE VIAS EN LAS VEREDAS EL ROBLE, EL DINTEL, SAN ANTONIO Y OTRAS DEL MUNICIPIO DE LA VEGA DEPARTAMENTO DE CUNDINAMARCA.
B5: BIENES O INSUMOS REQUERIDOS PARA LA EJECUCION DEL PROYECTO | D5: =+'PRESUPUESTO OFICIAL (Entidad)'!H11 -> UND. | E5: =+'PRESUPUESTO OFICIAL (Entidad)'!I11 -> CANTIDAD | F5: VALOR UNITARIO | G5: VALOR TOTAL | H5: PROMEDIO | K5: BIENES RELEVANTES
B6: =+'PRESUPUESTO OFICIAL (Entidad)'!C11 -> Nº | C6: =+'PRESUPUESTO OFICIAL (Entidad)'!G11 -> DESCRIPCIÓN | H6: % | I6: % ACUMULADO | J6: PROMEDIO | K6: =+C6 -> DESCRIPCIÓN | L6: %
B7: =+'PRESUPUESTO OFICIAL (Entidad)'!C19 -> 5 | C7: =+'PRESUPUESTO OFICIAL (Entidad)'!G24 -> SUMINISTRO FIGURADO Y ARMADO DE ACERO DE REFUERZO 60000 PSI | D7: =+'PRESUPUESTO OFICIAL (Entidad)'!H24 -> KG | E7: =+'PRESUPUESTO OFICIAL (Entidad)'!I24+'PRESUPUESTO OFICIAL (Entidad)'!I38+'PRESUPUESTO OFICIAL (Entidad)'!I52+'PRESUPUESTO OFICIAL (Entidad)'!I66+'PRESUPUESTO OFICIAL (Entidad)'!I80+'PRESUPUESTO OFICIAL (Entidad)'!I94+'PRESUPUESTO OFICIAL (Entidad)'!I108+'PRESUPUESTO OFICIAL (Entidad)'!I122+'PRESUPUESTO OFICIAL (Entidad)'!I136 -> 12544.68 | F7: =+'PRESUPUESTO OFICIAL (Entidad)'!K24 -> 10871.42 | G7: =+E7*F7 -> 1.3637848e+08 | H7: =+G7/$G$12 -> 0.29933383 | I7: =+H7 -> 0.29933383 | K7: =+IF(H7>$J$8,C7,"-") -> SUMINISTRO FIGURADO Y ARMADO DE ACERO DE REFUERZO 60000 PSI | L7: =+IF(H7>$J$8,H7,"-") -> 0.29933383
B8: =+'PRESUPUESTO OFICIAL (Entidad)'!C16 -> 2 | C8: =+'PRESUPUESTO OFICIAL (Entidad)'!G21 -> CONCRETO CLASE D 3000 PSI PARA (BASES) | D8: =+'PRESUPUESTO OFICIAL (Entidad)'!H21 -> M3 | E8: =+'PRESUPUESTO OFICIAL (Entidad)'!I21+'PRESUPUESTO OFICIAL (Entidad)'!I35+'PRESUPUESTO OFICIAL (Entidad)'!I49+'PRESUPUESTO OFICIAL (Entidad)'!I63+'PRESUPUESTO OFICIAL (Entidad)'!I77+'PRESUPUESTO OFICIAL (Entidad)'!I91+'PRESUPUESTO OFICIAL (Entidad)'!I105+'PRESUPUESTO OFICIAL (Entidad)'!I119+'PRESUPUESTO OFICIAL (Entidad)'!I133 -> 123.2 | F8: =+'PRESUPUESTO OFICIAL (Entidad)'!K21 -> 1066713.2 | G8: =+E8*F8 -> 1.3141907e+08 | H8: =+G8/$G$12 -> 0.28844853 | I8: =+I7+H8 -> 0.58778236 | J8: =+AVERAGE(H7:H9) -> 0.24448963 | K8: =+IF(H8>$J$8,C8,"-") -> CONCRETO CLASE D 3000 PSI PARA (BASES) | L8: =+IF(H8>$J$8,H8,"-") -> 0.28844853
B9: =+'PRESUPUESTO OFICIAL (Entidad)'!C17 -> 3 | C9: =+'PRESUPUESTO OFICIAL (Entidad)'!G22 -> CONCRETO CICLÓPEO, 2000 PSI 40% RAJÓN PARA BASES | D9: =+'PRESUPUESTO OFICIAL (Entidad)'!H22 -> M3 | E9: =+'PRESUPUESTO OFICIAL (Entidad)'!I22+'PRESUPUESTO OFICIAL (Entidad)'!I36+'PRESUPUESTO OFICIAL (Entidad)'!I50+'PRESUPUESTO OFICIAL (Entidad)'!I64+'PRESUPUESTO OFICIAL (Entidad)'!I78+'PRESUPUESTO OFICIAL (Entidad)'!I92+'PRESUPUESTO OFICIAL (Entidad)'!I106+'PRESUPUESTO OFICIAL (Entidad)'!I120+'PRESUPUESTO OFICIAL (Entidad)'!I134 -> 90.67 | F9: =+'PRESUPUESTO OFICIAL (Entidad)'!K22 -> 732058.6 | G9: =+E9*F9 -> 66375753 | H9: =+G9/$G$12 -> 0.14568653 | I9: =+I8+H9 -> 0.73346889 | K9: =+IF(H9>$J$8,C9,"-") -> - | L9: =+IF(H9>$J$8,H9,"-") -> -
B10: =+'PRESUPUESTO OFICIAL (Entidad)'!C15 -> 1 | C10: =+'PRESUPUESTO OFICIAL (Entidad)'!G20 -> SUBBASE GRANULAR | D10: =+'PRESUPUESTO OFICIAL (Entidad)'!H20 -> M3 | E10: =+'PRESUPUESTO OFICIAL (Entidad)'!I20+'PRESUPUESTO OFICIAL (Entidad)'!I34+'PRESUPUESTO OFICIAL (Entidad)'!I48+'PRESUPUESTO OFICIAL (Entidad)'!I62+'PRESUPUESTO OFICIAL (Entidad)'!I76+'PRESUPUESTO OFICIAL (Entidad)'!I90+'PRESUPUESTO OFICIAL (Entidad)'!I104+'PRESUPUESTO OFICIAL (Entidad)'!I118+'PRESUPUESTO OFICIAL (Entidad)'!I132 -> 275.61 | F10: =+'PRESUPUESTO OFICIAL (Entidad)'!K20 -> 223558.37 | G10: =+E10*F10 -> 61614922 | H10: =+G10/$G$12 -> 0.1352371 | I10: =+I9+H10 -> 0.868706 | K10: =+IF(H10>$J$8,C10,"-") -> - | L10: =+IF(H10>$J$8,H10,"-") -> -
B11: =+'PRESUPUESTO OFICIAL (Entidad)'!C18 -> 4 | C11: =+'PRESUPUESTO OFICIAL (Entidad)'!G23 -> CUNETA DE CONCRETO CLASE E, 2500 PSI FUNDIDA EN EL LUGAR | D11: =+'PRESUPUESTO OFICIAL (Entidad)'!H23 -> M3 | E11: =+'PRESUPUESTO OFICIAL (Entidad)'!I23+'PRESUPUESTO OFICIAL (Entidad)'!I37+'PRESUPUESTO OFICIAL (Entidad)'!I51+'PRESUPUESTO OFICIAL (Entidad)'!I65+'PRESUPUESTO OFICIAL (Entidad)'!I79+'PRESUPUESTO OFICIAL (Entidad)'!I93+'PRESUPUESTO OFICIAL (Entidad)'!I107+'PRESUPUESTO OFICIAL (Entidad)'!I121+'PRESUPUESTO OFICIAL (Entidad)'!I135 -> 68.61 | F11: =+'PRESUPUESTO OFICIAL (Entidad)'!K23 -> 871861.55 | G11: =+E11*F11 -> 59818421 | H11: =+G11/$G$12 -> 0.131294 | I11: =+I10+H11 -> 1 | K11: =+IF(H11>$J$8,C11,"-") -> - | L11: =+IF(H11>$J$8,H11,"-") -> -
B12: VALOR TOTAL BIENES O INSUMOS | G12: =+SUM(G7:G11) -> 4.5560665e+08
B14: CONSULTA BIENES RELEVANTES
O28: PUNTAJE MAXIMO | P28: 20
O29: NO.BIENES RELEVANTES | P29: =+COUNT(B31:B41) -> 2
B30: No. | C30: BIEN RELEVANTE NACIONAL | D30: FECHA DE INSCRIPCION | E30: FECHA DE VIGENCIA | F30: NO. DE PARTIDA ARANCELARIA | G30: %PARTICIPACION | H30: PUNTAJE INDIVIDUAL DE CADA BIEN
B31: 1 | C31: BARRA CORRUGADA DE ACERO | D31: 45868 | E31: 46246 | F31: 7214200000 | G31: =+I7 -> 0.29933383 | H31: =(G31/$G$33)*$P$28 -> 10.185193
B32: 2 | C32: CEMENTO | D32: 45896 | E32: 46262 | F32: 2523210000 | G32: =+L8 -> 0.28844853 | H32: =(G32/$G$33)*$P$28 -> 9.8148072
G33: =+SUM(G31:G32) -> 0.58778236
